[Event "ICC tourney 3401 (40 10)"]
[Site "Internet Chess Club"]
[Date "2024.03.09"]
[Round "5"]
[White "KONA, VIDIP KUMAR:Vidipkona"]
[Black "HSIAO, ETHAN:tashunhsiao"]
[Result "1-0"]
[ICCResult "Black resigns"]
[WhiteElo "2060"]
[BlackElo "2029"]
[Opening "Réti: advance variation"]
[ECO "A09"]
[NIC "RE.16"]
[Time "20:02:19"]
[PlyCount "113"]
[TimeControl "2400+10"]

1. Nf3 d5 2. c4 d4 3. e3 c5 4. exd4 cxd4 5. d3 Nc6 6. g3 e5 7. Bg2 Nf6 8.
O-O Bd6 9. a3 a5 10. Re1 O-O 11. Bg5 h6 12. Bxf6 Qxf6 13. Nbd2 Bc7 14. Qc2
Bg4 15. h3 Bh5 16. Nh4 Rae8 17. Ne4 Qd8 18. Nc5 Qc8 19. g4 Bg6 20. Nxg6 fxg6
21. Qb3 Nd8 22. Nxb7 Rf6 23. Nxd8 Rxd8 24. c5+ Kh8 25. Re4 Rdf8 26. Rf1 Bb8
27. Qb5 Bc7 28. b4 g5 29. Qc4 Qb7 30. b5 Qb8 31. a4 Rc8 32. Rc1 Bd6 33. c6
Qc7 34. Rb1 Rb8 35. Re2 Kh7 36. Be4+ Kh8 37. Rc2 Rb6 38. Qd5 Rb8 39. Rc4 Rb6
40. Kg2 Rf4 41. Qe6 Rf6 42. Qd7 Rf7 43. Qxc7 Rxc7 44. Rcc1 Kg8 45. Rh1 Be7
46. Kh2 Bd6 47. Rhg1 Kf8 48. Rg3 Be7 49. Rf3+ Bf6 50. Rc1 Ke7 51. Rc5 Kd6
52. Rd5+ Ke7 53. Bf5 Rb8 54. Rg3 Rd8 55. Rxd8 Kxd8 56. Rg1 Ra7 57. b6
{Black resigns}
1-0

[Event "ICC tourney 3401 (40 10)"]
[Site "Internet Chess Club"]
[Date "2024.03.09"]
[Round "5"]
[White "DENG, HENRY:SuperPuzzler"]
[Black "Volkov, Sergey:Volkov"]
[Result "0-1"]
[ICCResult "White resigns"]
[WhiteElo "2315"]
[BlackElo "2504"]
[Opening "French: Tarrasch, open variation"]
[ECO "C07"]
[NIC "FR.18"]
[Time "20:00:05"]
[PlyCount "70"]
[TimeControl "2400+10"]

1. e4 e6 2. d4 d5 3. Nd2 c5 4. Ngf3 cxd4 5. Nxd4 Nf6 6. exd5 Nxd5 7. N2f3
Bb4+ 8. Bd2 Bc5 9. c3 O-O 10. Bg5 Qb6 11. Qc2 h6 12. Bh4 Nc6 13. Nxc6 bxc6
14. Bg3 a5 15. Bd3 Ba6 16. Ne5 Ra7 17. O-O Bxd3 18. Nxd3 Be7 19. Rab1 c5 20.
Ne5 Qa6 21. Qa4 Rc8 22. Rfd1 c4 23. Rd4 Rb7 24. Qc2 Bf6 25. Re4 a4 26. Ng4
a3 27. Nxf6+ Nxf6 28. Ree1 axb2 29. Rxb2 Rxb2 30. Qxb2 Ra8 31. Re2 Nd5 32.
Be5 f6 33. Bd4 e5 34. Bc5 Nf4 35. Rc2 Qc6 {White resigns} 0-1

[Event "ICC tourney 3401 (40 10)"]
[Site "Internet Chess Club"]
[Date "2024.03.09"]
[Round "5"]
[White "GU, CRYSTAL JIUZHOU:fantasymoon"]
[Black "KARTHIKEYAN, HARISHKUMAR:TheThinker15647"]
[Result "1-0"]
[ICCResult "Black resigns"]
[WhiteElo "2083"]
[BlackElo "1922"]
[Opening "Sicilian: closed, 2...Nc6"]
[ECO "B23"]
[NIC "SI.44"]
[Time "20:00:59"]
[PlyCount "67"]
[TimeControl "2400+10"]

1. e4 c5 2. Nc3 Nc6 3. Nf3 g6 4. g3 Bg7 5. Bg2 e6 6. O-O Nge7 7. Re1 e5 8.
d3 O-O 9. Be3 d6 10. Qd2 Nd4 11. Ne2 f5 12. Nfxd4 cxd4 13. Bg5 f4 14. gxf4
h6 15. Bxe7 Qxe7 16. Rad1 Qh4 17. f5 gxf5 18. exf5 Rxf5 19. Ng3 Rg5 20. Re4
Rg4 21. Rde1 Be6 22. Rxg4 Qxg4 23. Qb4 Rf8 24. Qxd6 Bxa2 25. b3 e4 26. Nxe4
Qf5 27. Qa3 Be5 28. Qxa2 Qf4 29. h3 Qh2+ 30. Kf1 Kh8 31. Qxa7 Rg8 32. Bf3
Qxh3+ 33. Ke2 Rf8 34. Nd2 {Black resigns} 1-0

[Event "ICC tourney 3401 (40 10)"]
[Site "Internet Chess Club"]
[Date "2024.03.09"]
[Round "5"]
[White "LU, YIDING:gooodguy"]
[Black "DINESH, ABINAV:abi2009"]
[Result "1-0"]
[ICCResult "Black resigns"]
[WhiteElo "2171"]
[BlackElo "2013"]
[Opening "Giuoco Piano"]
[ECO "C50"]
[NIC "IG.02"]
[Time "20:00:36"]
[PlyCount "43"]
[TimeControl "2400+10"]

1. e4 e5 2. Nf3 Nc6 3. Bc4 Bc5 4. O-O Nf6 5. d3 h6 6. c3 Bb6 7. Nbd2 O-O 8.
h3 d6 9. Re1 Be6 10. Bxe6 fxe6 11. Nc4 Nd7 12. d4 exd4 13. cxd4 e5 14. Nxb6
axb6 15. Be3 Qf6 16. Rc1 exd4 17. Nxd4 Nde5 18. Nf5 Rxa2 19. Bxh6 Rxb2 20.
Be3 Qg6 21. Bd4 Rb4 22. Bxe5 {Black resigns} 1-0

[Event "ICC tourney 3401 (40 10)"]
[Site "Internet Chess Club"]
[Date "2024.03.09"]
[Round "5"]
[White "QUIRKE, JEFFREY L:PawnEatingZombi"]
[Black "HANKE, HARVEY:ThinkingPanda"]
[Result "1/2-1/2"]
[ICCResult "Game drawn by repetition"]
[WhiteElo "2154"]
[BlackElo "2052"]
[Opening "King's Indian: orthodox, Aronin-Taimanov variation (Yugoslav attack / Mar del Plata variation)"]
[ECO "E97"]
[NIC "KI.08"]
[Time "20:00:04"]
[PlyCount "85"]
[TimeControl "2400+10"]

1. d4 Nf6 2. c4 g6 3. Nc3 Bg7 4. e4 O-O 5. Be2 d6 6. Nf3 e5 7. O-O Nc6 8.
Be3 Ng4 9. Bg5 f6 10. Bh4 g5 11. Bg3 Nh6 12. dxe5 fxe5 13. Nd5 g4 14. Bh4
Qe8 15. Ne1 Rf7 16. Nc2 Be6 17. b4 Nd4 18. Nce3 c6 19. Nc3 Qd7 20. Rb1 Bf6
21. Bxf6 Rxf6 22. b5 Rg6 23. bxc6 bxc6 24. Kh1 Nf7 25. f4 gxf3 26. Bxf3 Nxf3
27. Rxf3 Kh8 28. Qf1 Rag8 29. Rb2 Nh6 30. Rf8 Qe7 31. Rbb8 Qg5 32. Ncd1 Ng4
33. Qf3 Nxe3 34. Rxg8+ Rxg8 35. Rxg8+ Kxg8 36. Qxe3 Qh5 37. Nb2 Qf7 38. Qg5+
Kh8 39. Qd8+ Kg7 40. Qg5+ Kh8 41. Qd8+ Kg7 42. Qg5+ Kh8 43. Qd8+
{Game drawn by repetition}
1/2-1/2

[Event "ICC tourney 3401 (40 10)"]
[Site "Internet Chess Club"]
[Date "2024.03.09"]
[Round "5"]
[White "RAMKUMAR, NIKHIL:nikhilramkumar"]
[Black "OPASKA, MICHAEL:mopaska1106"]
[Result "0-1"]
[ICCResult "White resigns"]
[WhiteElo "1829"]
[BlackElo "2039"]
[Opening "Caro-Kann: Tartakower (fantasy) variation"]
[ECO "B12"]
[NIC "CK.02"]
[Time "20:00:59"]
[PlyCount "89"]
[TimeControl "2400+10"]

1. e4 c6 2. d4 d5 3. f3 dxe4 4. fxe4 e5 5. Nf3 Bg4 6. Bc4 Nd7 7. O-O Ngf6 8.
c3 Bd6 9. Qb3 O-O 10. Bg5 b5 11. Be2 Qe7 12. Nbd2 h6 13. Bh4 Qe8 14. Rae1
exd4 15. Nxd4 Bxe2 16. Rxe2 Ng4 17. h3 Nge5 18. Nf5 Bc5+ 19. Kh1 Kh7 20. Qd1
g6 21. Nd4 Rc8 22. N2f3 Be7 23. Bg3 Bf6 24. Ref2 Kg7 25. Bf4 Nc5 26. Re2
Ncd3 27. Be3 c5 28. Nxe5 Bxe5 29. Qxd3 cxd4 30. cxd4 Bb8 31. Qd2 Rh8 32.
Ref2 Rc7 33. d5 Rd7 34. Qe2 a6 35. Qf3 Be5 36. Bf4 Rf8 37. Bd2 Qe7 38. Qe3
Qh4 39. Bb4 Re8 40. Bc3 Bxc3 41. Qxc3+ Kg8 42. Rf4 Qg5 43. Qf3 Rf8 44. Qd3
Qe5 45. Qf3 {White resigns} 0-1

[Event "ICC tourney 3401 (40 10)"]
[Site "Internet Chess Club"]
[Date "2024.03.09"]
[Round "5"]
[White "ZHOU, JIANCHAO:TomCruise999"]
[Black "MIKAELYAN, ARMAN:Wolverine99"]
[Result "1/2-1/2"]
[ICCResult "Game drawn by mutual agreement"]
[WhiteElo "2661"]
[BlackElo "2592"]
[Opening "Queen's pawn game, Darooha variation "]
[ECO "D02"]
[NIC "QP.06"]
[Time "20:00:48"]
[PlyCount "107"]
[TimeControl "2400+10"]

1. Nf3 Nf6 2. d4 d5 3. g3 g6 4. Bg2 Bg7 5. O-O O-O 6. c3 a5 7. a4 Nbd7 8.
Re1 c6 9. Nbd2 Re8 10. e4 e5 11. exd5 Nxd5 12. Nc4 exd4 13. Rxe8+ Qxe8 14.
Nxd4 N7f6 15. Nd6 Qe7 16. Nxc8 Rxc8 17. Bg5 h6 18. Bd2 Re8 19. Qf1 Qc7 20.
Re1 Rxe1 21. Qxe1 Bf8 22. Qd1 Qb6 23. Qb3 Bc5 24. Qxb6 Nxb6 25. b3 Nbd5 26.
h3 h5 27. Kf1 Kf8 28. Ke2 Ke7 29. Kd3 Nd7 30. f4 f5 31. Bxd5 cxd5 32. b4
Bxd4 33. Kxd4 Kd6 34. c4 dxc4 35. bxa5 Kc6 36. Bb4 Nf6 37. Kxc4 Ne4 38. Be1
Kd6 39. Kb5 Kc7 40. h4 Nd6+ 41. Kc5 Ne4+ 42. Kd5 Kd7 43. Ke5 Ke7 44. Bb4+
Kd7 45. Ba3 Nxg3 46. Kf6 Ne2 47. Kxg6 Nxf4+ 48. Kxf5 Ng2 49. Kg5 Kc6 50.
Kxh5 b5 51. axb6 Kxb6 52. Bb4 Nxh4 53. Kxh4 Ka7 54. Kg5
{Game drawn by mutual agreement}
1/2-1/2